| TOP OF THE 1ST |
|
Burlington Royals batting - Pitching for Seattle (APP) Mariners : RHP Terry Jeffrey
|
|
Pitching: RHP Terry Jeffrey
|
|
|
Batting: RHB Shura Mogilny
|
0-0: Called Strike 0-1: Fly out, F6 (Popup, 6MS, EV 81.2 MPH)
|
|
Batting: RHB Tim Williams
|
0-0: SINGLE (Groundball, 4MD, EV 95.6 MPH)
|
|
Batting: SHB Alex Cavazos
|
0-0: Foul Ball, location: 2F 0-1: Ball 1-1: Ball 2-1: Foul Ball, location: 2F 2-2: Foul Ball, location: 2F 2-2: Foul Ball, location: 2F 2-2: Foul Ball, location: 2F 2-2: SINGLE (Line Drive, 34D, EV 101.9 MPH) Tim Williams to second
|
|
Batting: RHB Hugo Chavez
|
0-0: SINGLE (Groundball, 25, EV 71.2 MPH) (infield hit) Tim Williams to third Alex Cavazos to second
|
|
Batting: RHB Masakuni Takeuchi
|
0-0: Ball 1-0: Called Strike 1-1: Ball Wild Pitch! Tim Williams scores Alex Cavazos to third Hugo Chavez to second 2-1: Fly out, F7 (Line Drive, 78D, EV 102.5 MPH) Runner from 3rd tags up, SCORES, no throw by LF
|
|
Batting: RHB Jason Conner
|
0-0: Called Strike 0-1: Called Strike 0-2: Ball 1-2: Foul Ball, location: 2F 1-2: Strikes out looking
|
| Top of the 1st over - 2 runs, 3 hits, 0 errors, 1 left on base; Burlington 2 - Seattle (APP) 0 |
| BOTTOM OF THE 1ST |
|
Seattle (APP) Mariners batting - Pitching for Burlington Royals : RHP Paul Gibbens
|
|
Pitching: RHP Paul Gibbens
|
|
|
Batting: RHB Chris Van Niel
|
0-0: Foul Ball, location: 2F 0-1: Ball 1-1: Foul Ball, location: 2F 1-2: Foul Ball, location: 2F 1-2: Ground out 3-1 (Groundball, 34, EV 100.6 MPH)
|
|
Batting: RHB Nick Edmunds
|
0-0: Ball 1-0: Foul Ball, location: 2F 1-1: Swinging Strike 1-2: Foul Ball, location: 2F 1-2: Ball 2-2: Strikes out swinging, 2-3 out at first.
|
|
Batting: LHB Prince Nunley
|
0-0: Ball 1-0: Ball 2-0: Foul Ball, location: 2F 2-1: Foul Ball, location: 2F 2-2: Strikes out swinging
|
| Bottom of the 1st over - 0 runs, 0 hits, 0 errors, 0 left on base; Burlington 2 - Seattle (APP) 0 |
| TOP OF THE 2ND |
|
Burlington Royals batting - Pitching for Seattle (APP) Mariners : RHP Terry Jeffrey
|
|
Batting: RHB David Rubio
|
0-0: Foul Ball, location: 2F 0-1: Ball 1-1: Foul Ball, location: 2F 1-2: SOLO HOME RUN (Flyball, 7LD, EV 92.5 MPH), Distance : 334 ft
|
|
Batting: RHB Juan Nieves
|
0-0: Ball 1-0: Ball 2-0: Ball 3-0: Called Strike 3-1: Base on Balls
|
|
Batting: LHB Jayden Pelayo
|
0-0: Swinging Strike 0-1: Called Strike 0-2: Fly out, F8 (Flyball, 89M, EV 94.4 MPH)
|
|
Batting: RHB Shura Mogilny
|
0-0: Ball 1-0: SINGLE (Groundball, 6MD, EV 95.6 MPH) Juan Nieves to second
|
|
Batting: RHB Tim Williams
|
0-0: SINGLE (Line Drive, 89S, EV 105.0 MPH) Juan Nieves to third Shura Mogilny to second
|
|
Batting: SHB Alex Cavazos
|
0-0: Foul Ball, location: 2F 0-1: Foul Ball, location: 2F 0-2: Ball 1-2: Foul Ball, location: 2F 1-2: Foul Ball, location: 2F 1-2: Strikes out swinging
|
|
Batting: RHB Hugo Chavez
|
0-0: Called Strike 0-1: Ball 1-1: Fly out, F9 (Flyball, 9LSF, EV 85.0 MPH)
|
| Top of the 2nd over - 1 run, 3 hits, 0 errors, 3 left on base; Burlington 3 - Seattle (APP) 0 |
| BOTTOM OF THE 2ND |
|
Seattle (APP) Mariners batting - Pitching for Burlington Royals : RHP Paul Gibbens
|
|
Pitching: RHP Oscar Cisneros
|
|
|
Batting: LHB Chang Huie
|
0-0: Ball 1-0: Ball 2-0: Ball 3-0: Called Strike 3-1: Foul Ball, location: 2F 3-2: Strikes out looking
|
|
Batting: RHB Carlton McDonald
|
0-0: Called Strike 0-1: Ground out U3 (Groundball, 34, EV 81.9 MPH)
|
|
Batting: LHB Yoshihisa Kobayashi
|
0-0: DOUBLE (Flyball, 8RD, EV 85.0 MPH)
|
|
Batting: RHB Joaquin Salazar
|
0-0: Ball 1-0: Called Strike 1-1: Ball 2-1: Foul Ball, location: 2F 2-2: Foul Ball, location: 2F 2-2: Ball 3-2: Base on Balls
|
|
Batting: RHB Rowan Prince
|
0-0: Fly out, F6 (Line Drive, 6D, EV 63.1 MPH)
|
| Bottom of the 2nd over - 0 runs, 1 hit, 0 errors, 2 left on base; Burlington 3 - Seattle (APP) 0 |
| TOP OF THE 3RD |
|
Burlington Royals batting - Pitching for Seattle (APP) Mariners : RHP Terry Jeffrey
|
|
Batting: RHB Masakuni Takeuchi
|
0-0: DOUBLE (Line Drive, 89XD, EV 102.5 MPH)
|
|
Batting: RHB Jason Conner
|
0-0: Ground out 5-3 (Groundball, 56, EV 85.0 MPH)
|
|
Batting: RHB David Rubio
|
0-0: Ball 1-0: Ball 2-0: Ball 3-0: Base on Balls
|
|
Batting: RHB Juan Nieves
|
0-0: Called Strike 0-1: Ball 1-1: Ball 2-1: Foul Ball, location: 2F 2-2: Ball 3-2: Base on Balls Masakuni Takeuchi to third David Rubio to second
|
|
Batting: LHB Jayden Pelayo
|
0-0: Called Strike 0-1: Foul Ball, location: 2F 0-2: Ball 1-2: Ball 2-2: Ball 3-2: Strikes out swinging
|
|
Batting: RHB Shura Mogilny
|
0-0: Ball 1-0: Ball 2-0: Called Strike 2-1: Called Strike 2-2: Foul Ball, location: 2F 2-2: Ball 3-2: Strikes out swinging
|
| Top of the 3rd over - 0 runs, 1 hit, 0 errors, 3 left on base; Burlington 3 - Seattle (APP) 0 |
| BOTTOM OF THE 3RD |
|
Seattle (APP) Mariners batting - Pitching for Burlington Royals : RHP Oscar Cisneros
|
|
Batting: RHB Josh Carpenter
|
0-0: Swinging Strike 0-1: Ball 1-1: Called Strike 1-2: Ball 2-2: Strikes out looking
|
|
Batting: RHB Chris Van Niel
|
0-0: Ball 1-0: Called Strike 1-1: SINGLE (Groundball, 6MD, EV 107.5 MPH)
|
|
Batting: RHB Nick Edmunds
|
0-0: Foul Ball, location: 2F 0-1: Ball 1-1: Ball Wild Pitch! Chris Van Niel to second 2-1: Reached on error, E4 (Groundball, 4, EV 109.4 MPH) Chris Van Niel to third
|
|
Batting: LHB Prince Nunley
|
0-0: Ball 1-0: Ball 2-0: Swinging Strike 2-1: Swinging Strike 2-2: Strikes out swinging
|
|
Batting: LHB Chang Huie
|
0-0: Called Strike 0-1: Ball 1-1: Swinging Strike 1-2: Ground out 6-3 (Groundball, P, EV 87.5 MPH)
|
| Bottom of the 3rd over - 0 runs, 1 hit, 1 error, 2 left on base; Burlington 3 - Seattle (APP) 0 |
| TOP OF THE 4TH |
|
Burlington Royals batting - Pitching for Seattle (APP) Mariners : RHP Terry Jeffrey
|
|
Batting: RHB Tim Williams
|
0-0: Ball 1-0: Ball 2-0: Ball 3-0: Called Strike 3-1: Base on Balls
|
|
Batting: SHB Alex Cavazos
|
0-0: Foul Ball, location: 2F 0-1: SINGLE (Groundball, 13S, EV 65.6 MPH) (infield hit) Tim Williams to second
|
|
Batting: RHB Hugo Chavez
|
0-0: Called Strike 0-1: Ball 1-1: Called Strike 1-2: Fly out, F8 (Flyball, 8RD, EV 96.9 MPH)
|
|
Batting: RHB Masakuni Takeuchi
|
0-0: Swinging Strike 0-1: Called Strike 0-2: Strikes out swinging
|
|
Batting: RHB Jason Conner
|
0-0: Ball 1-0: Foul Ball, location: 2F 1-1: DOUBLE (Line Drive, 5D, EV 95.6 MPH) Tim Williams scores Alex Cavazos to third
|
|
Pitching: RHP Frank Cabrera
|
|
|
Batting: RHB David Rubio
|
0-0: Ball 1-0: Foul Ball, location: 2F 1-1: Foul Ball, location: 2F 1-2: Foul Ball, location: 2F 1-2: Strikes out swinging
|
| Top of the 4th over - 1 run, 2 hits, 0 errors, 2 left on base; Burlington 4 - Seattle (APP) 0 |
| BOTTOM OF THE 4TH |
|
Seattle (APP) Mariners batting - Pitching for Burlington Royals : RHP Oscar Cisneros
|
|
Batting: RHB Carlton McDonald
|
0-0: Ball 1-0: Ball 2-0: Swinging Strike 2-1: Ground out 4-3 (Groundball, 4MD, EV 87.5 MPH)
|
|
Batting: LHB Yoshihisa Kobayashi
|
0-0: Ball 1-0: SINGLE (Groundball, 6MD, EV 105.0 MPH)
|
|
Pitching: RHP Brett Essary
|
|
|
Batting: RHB Joaquin Salazar
|
0-0: Ball 1-0: Swinging Strike 1-1: Foul Ball, location: 2F 1-2: Ball 2-2: Ball 3-2: Strikes out looking Yoshihisa Kobayashi is caught stealing 2nd base 2-4 Batter strikes out.
|
| Bottom of the 4th over - 0 runs, 1 hit, 0 errors, 0 left on base; Burlington 4 - Seattle (APP) 0 |
| TOP OF THE 5TH |
|
Burlington Royals batting - Pitching for Seattle (APP) Mariners : RHP Frank Cabrera
|
|
Batting: RHB Juan Nieves
|
0-0: Swinging Strike 0-1: Called Strike 0-2: Ball 1-2: Ball 2-2: Ball 3-2: Base on Balls
|
|
Batting: LHB Jayden Pelayo
|
0-0: Ball Wild Pitch! Juan Nieves to second 1-0: Swinging Strike 1-1: Ball 2-1: Foul Ball, location: 2F 2-2: Ground out 4-3 (Groundball, 4M, EV 98.1 MPH) Juan Nieves to third
|
|
Batting: RHB Shura Mogilny
|
0-0: Ball 1-0: Fly out, F4 (Line Drive, 4, EV 75.0 MPH)
|
|
Batting: RHB Tim Williams
|
0-0: Called Strike 0-1: Ball 1-1: Ball 2-1: Ball 3-1: Base on Balls
|
|
Batting: SHB Alex Cavazos
|
0-0: Called Strike 0-1: Ball 1-1: Ball 2-1: Swinging Strike 2-2: Strikes out looking
|
| Top of the 5th over - 0 runs, 0 hits, 0 errors, 2 left on base; Burlington 4 - Seattle (APP) 0 |
| BOTTOM OF THE 5TH |
|
Seattle (APP) Mariners batting - Pitching for Burlington Royals : RHP Brett Essary
|
|
Batting: RHB Rowan Prince
|
0-0: Called Strike 0-1: Called Strike 0-2: Foul Ball, location: 2F 0-2: Foul Ball, location: 2F 0-2: Strikes out swinging
|
|
Batting: RHB Josh Carpenter
|
0-0: Ground out 5-3 (Groundball, 56S, EV 85.0 MPH)
|
|
Batting: RHB Chris Van Niel
|
0-0: Ball 1-0: Ball 2-0: Foul Ball, location: 2F 2-1: Foul Ball, location: 2F 2-2: Foul Ball, location: 2F 2-2: Ball 3-2: Base on Balls
|
|
Batting: RHB Nick Edmunds
|
0-0: Foul Ball, location: 2F 0-1: Foul Ball, location: 2F 0-2: Strikes out swinging
|
| Bottom of the 5th over - 0 runs, 0 hits, 0 errors, 1 left on base; Burlington 4 - Seattle (APP) 0 |
| TOP OF THE 6TH |
|
Burlington Royals batting - Pitching for Seattle (APP) Mariners : RHP Frank Cabrera
|
|
Batting: RHB Hugo Chavez
|
0-0: Called Strike 0-1: Ground out 4-3 (Groundball, 34, EV 103.8 MPH)
|
|
Pitching: LHP Will Creelman
|
|
|
Batting: RHB Masakuni Takeuchi
|
0-0: Ball 1-0: Fly out, F6 (Line Drive, 6, EV 65.0 MPH)
|
|
Batting: RHB Jason Conner
|
0-0: Called Strike 0-1: Ball 1-1: Foul Ball, location: 2F 1-2: Strikes out swinging
|
| Top of the 6th over - 0 runs, 0 hits, 0 errors, 0 left on base; Burlington 4 - Seattle (APP) 0 |
| BOTTOM OF THE 6TH |
|
Seattle (APP) Mariners batting - Pitching for Burlington Royals : RHP Brett Essary
|
|
Batting: LHB Prince Nunley
|
0-0: Called Strike 0-1: Ball 1-1: SINGLE (Groundball, 4MD, EV 96.9 MPH)
|
|
Batting: LHB Chang Huie
|
0-0: Ball 1-0: Foul Ball, location: 2F 1-1: Ball 2-1: Called Strike 2-2: Ball 3-2: Base on Balls Prince Nunley to second
|
|
Batting: RHB Carlton McDonald
|
0-0: Foul Ball, location: 2F 0-1: Swinging Strike 0-2: Strikes out swinging
|
|
Batting: LHB Yoshihisa Kobayashi
|
0-0: Called Strike 0-1: Swinging Strike 0-2: Ball 1-2: Foul Ball, location: 2F 1-2: Foul Ball, location: 2F 1-2: Strikes out looking
|
|
Pitching: RHP Jerry Yusko
|
|
|
Batting: RHB Joaquin Salazar
|
0-0: Swinging Strike 0-1: Ball 1-1: Ball 2-1: Called Strike 2-2: Ball 3-2: Base on Balls Prince Nunley to third Chang Huie to second
|
|
Batting: RHB Rowan Prince
|
0-0: Called Strike 0-1: Swinging Strike 0-2: Foul Ball, location: 2F 0-2: Ball 1-2: Strikes out swinging
|
| Bottom of the 6th over - 0 runs, 1 hit, 0 errors, 3 left on base; Burlington 4 - Seattle (APP) 0 |
| TOP OF THE 7TH |
|
Burlington Royals batting - Pitching for Seattle (APP) Mariners : LHP Will Creelman
|
|
Batting: RHB David Rubio
|
0-0: Ball 1-0: Ball 2-0: Ball 3-0: Base on Balls
|
|
Batting: RHB Juan Nieves
|
0-0: DOUBLE (Line Drive, 7LM, EV 106.9 MPH) David Rubio to third
|
|
Batting: LHB Jayden Pelayo
|
0-0: Foul Ball, location: 2F 0-1: Called Strike 0-2: Strikes out looking
|
|
Batting: RHB Shura Mogilny
|
0-0: Fly out, F2 (Popup, 23F, EV 92.5 MPH)
|
|
Batting: RHB Tim Williams
|
0-0: Called Strike 0-1: SINGLE (Groundball, 6M, EV 96.9 MPH) David Rubio scores Juan Nieves to third
|
|
Batting: SHB Alex Cavazos
|
0-0: Called Strike 0-1: Foul Ball, location: 2F 0-2: Ball 1-2: Foul Ball, location: 2F 1-2: Ball 2-2: Strikes out swinging
|
| Top of the 7th over - 1 run, 2 hits, 0 errors, 2 left on base; Burlington 5 - Seattle (APP) 0 |
| BOTTOM OF THE 7TH |
|
Seattle (APP) Mariners batting - Pitching for Burlington Royals : RHP Jerry Yusko
|
|
Batting: RHB Josh Carpenter
|
0-0: Called Strike 0-1: Swinging Strike 0-2: Ball 1-2: Ball 2-2: Foul Ball, location: 2F 2-2: Strikes out looking
|
|
Batting: RHB Chris Van Niel
|
0-0: Ball 1-0: Ball 2-0: SINGLE (Groundball, 6D, EV 108.8 MPH)
|
|
Batting: RHB Nick Edmunds
|
0-0: Called Strike Chris Van Niel steals 2nd base 0-1: Foul Ball, location: 2F 0-2: Ball 1-2: Fly out, F9 (Flyball, 9D, EV 95.6 MPH) Runner from 2nd tags up, SAFE at 3rd, no throw by RF
|
|
Batting: LHB Prince Nunley
|
0-0: Ground out 6-3 (Groundball, 56, EV 106.2 MPH)
|
| Bottom of the 7th over - 0 runs, 1 hit, 0 errors, 1 left on base; Burlington 5 - Seattle (APP) 0 |
| TOP OF THE 8TH |
|
Burlington Royals batting - Pitching for Seattle (APP) Mariners : LHP Will Creelman
|
|
Batting: RHB Hugo Chavez
|
0-0: Ball 1-0: Ball 2-0: Foul Ball, location: 2F 2-1: SINGLE (Groundball, 6MD, EV 112.5 MPH)
|
|
Batting: RHB Masakuni Takeuchi
|
0-0: Ball 1-0: Swinging Strike 1-1: Ball 2-1: 2-RUN HOME RUN (Flyball, 89XD, EV 108.8 MPH), Distance : 397 ft
|
|
Batting: RHB Jason Conner
|
0-0: Called Strike 0-1: Ball 1-1: Called Strike 1-2: Ball 2-2: Ball 3-2: Base on Balls
|
|
Pitching: RHP Victor Ocampo
|
|
|
Batting: RHB David Rubio
|
0-0: Ball 1-0: Fielders Choice at 2nd, 5-4 (Groundball, 5, EV 103.8 MPH)
|
|
Batting: RHB Juan Nieves
|
0-0: SINGLE (Flyball, 9LS, EV 96.9 MPH) David Rubio to second
|
|
Batting: LHB Jayden Pelayo
|
0-0: Ball 1-0: Called Strike 1-1: Called Strike 1-2: Foul Ball, location: 2F 1-2: Foul Ball, location: 2F 1-2: Strikes out swinging
|
|
Batting: RHB Shura Mogilny
|
0-0: Called Strike 0-1: Ball 1-1: Ball 2-1: Foul Ball, location: 2F 2-2: Foul Ball, location: 2F 2-2: Fly out, F7 (Flyball, 7S, EV 92.5 MPH)
|
| Top of the 8th over - 2 runs, 3 hits, 0 errors, 2 left on base; Burlington 7 - Seattle (APP) 0 |
| BOTTOM OF THE 8TH |
|
Seattle (APP) Mariners batting - Pitching for Burlington Royals : RHP Jerry Yusko
|
|
Batting: LHB Chang Huie
|
0-0: Ball 1-0: Foul Ball, location: 2F 1-1: Ball 2-1: Ball 3-1: Base on Balls
|
|
Batting: RHB Carlton McDonald
|
0-0: Called Strike 0-1: Ball 1-1: Foul Ball, location: 2F 1-2: Ball 2-2: Fly out, F8 (Flyball, 78D, EV 98.8 MPH)
|
|
Batting: LHB Yoshihisa Kobayashi
|
0-0: Ball 1-0: Ball 2-0: Ball 3-0: Called Strike 3-1: Fielders Choice at 2nd, 3-6 (Groundball, 3, EV 86.9 MPH)
|
|
Pitching: RHP Jordan Viveros
|
|
|
Pinch Hitting: RHB John Vasquez
|
0-0: Called Strike 0-1: Ball 1-1: Foul Ball, location: 2F 1-2: Ball 2-2: Fielders Choice at 2nd, 6-4 (Groundball, 6, EV 80.6 MPH)
|
| Bottom of the 8th over - 0 runs, 0 hits, 0 errors, 1 left on base; Burlington 7 - Seattle (APP) 0 |
| TOP OF THE 9TH |
|
Burlington Royals batting - Pitching for Seattle (APP) Mariners : RHP Victor Ocampo
|
|
Now in CF: John Vasquez
|
|
|
Batting: RHB Tim Williams
|
0-0: Ball 1-0: Swinging Strike 1-1: Ball 2-1: Foul Ball, location: 2F 2-2: SINGLE (Line Drive, 4D, EV 95.6 MPH)
|
|
Batting: SHB Alex Cavazos
|
0-0: Fly out, F9 (Flyball, 89S, EV 91.2 MPH)
|
|
Batting: RHB Hugo Chavez
|
0-0: Called Strike Tim Williams is caught stealing 2nd base 2-4 0-1: Called Strike 0-2: Hit by Pitch
|
|
Batting: RHB Masakuni Takeuchi
|
0-0: Ball 1-0: Called Strike 1-1: Ball 2-1: Foul Ball, location: 2F 2-2: Fly out, F3 (Line Drive, 3, EV 72.5 MPH)
|
| Top of the 9th over - 0 runs, 1 hit, 0 errors, 1 left on base; Burlington 7 - Seattle (APP) 0 |
| BOTTOM OF THE 9TH |
|
Seattle (APP) Mariners batting - Pitching for Burlington Royals : RHP Jordan Viveros
|
|
Pinch Hitting: SHB Carlos Luna
|
0-0: Ball 1-0: Ball 2-0: Called Strike 2-1: Foul Ball, location: 2F 2-2: Foul Ball, location: 2F 2-2: Foul Ball, location: 2F 2-2: SOLO HOME RUN (Flyball, 9D, EV 98.8 MPH), Distance : 377 ft
|
|
Pinch Hitting: RHB Nick Ellis
|
0-0: Ball 1-0: Swinging Strike 1-1: Ball 2-1: Ball 3-1: Base on Balls
|
|
Batting: RHB Chris Van Niel
|
0-0: Ball 1-0: Called Strike 1-1: Foul Ball, location: 2F 1-2: Ball 2-2: Strikes out looking
|
|
Batting: RHB Nick Edmunds
|
0-0: Foul Ball, location: 2F 0-1: Ball 1-1: Foul Ball, location: 2F 1-2: Foul Ball, location: 2F 1-2: Foul Ball, location: 2F 1-2: Foul Ball, location: 2F 1-2: Ball 2-2: Fly out, F7 (Flyball, 78D, EV 98.8 MPH)
|
|
Batting: LHB Prince Nunley
|
0-0: Ball 1-0: Swinging Strike 1-1: Called Strike 1-2: Ball 2-2: Strikes out swinging
|
| Bottom of the 9th over - 1 run, 1 hit, 0 errors, 1 left on base; Burlington 7 - Seattle (APP) 1 |
|